 Dungeon Crawl Stone Soup version 0.19.5 (webtiles) character file.

2099 ozymandias0 the Cleaver (level 9, -4/78 HPs)
             Began as a Minotaur Fighter on Apr 12, 2017.
             Killed by divine providence
             ... invoked by an orc priest
              (15 damage)
             ... on level 6 of the Dungeon.
             The game lasted 00:17:40 (3317 turns).

ozymandias0 the Cleaver (Minotaur Fighter)          Turns: 3317, Time: 00:17:41

Health: -4/78      AC: 12    Str: 24    XL:     9   Next: 7%
Magic:  8/8        EV:  9    Int:  5    God:
Gold:   30         SH: 10    Dex: 10    Spells: 0 memorised, 8 levels left

rFire  + . .     SeeInvis .     a - +0 war axe
rCold  . . .     Gourm    .     u - +0 scale mail (curse)
rNeg   . . .     Faith    .     c - +0 shield
rPois  .         Spirit   .     (helmet restricted)
rElec  .         Reflect  .     v - +2 cloak
rCorr  .         Harm     .     q - +0 pair of gloves
MR     .....                    (no boots)
Stlth  ..........               (no amulet)
                                s - ring of fire
                                g - ring of protection from cold

@: no status effects
A: retaliatory headbutt, horns 2
a: no special abilities


You were on level 6 of the Dungeon.
You were not hungry.

You visited 1 branch of the dungeon, and saw 6 of its levels.

You collected 186 gold pieces.
You spent 156 gold pieces at shops.

Inventory:

Hand Weapons
 a - a +0 war axe (weapon)
Armour
 b - a +0 scale mail
 c - a +0 shield (worn)
 q - a +0 pair of gloves (worn)
 u - a cursed +0 scale mail (worn)
 v - a +2 cloak (worn)
Jewellery
 g - a ring of protection from cold (left hand)
 s - a ring of fire (right hand)
 x - an uncursed ring of see invisible {unknown}
Wands
 w - a wand of enslavement (0/24)
Scrolls
 i - 2 scrolls of identify
 k - a scroll of teleportation
 p - a scroll of magic mapping
 r - 2 scrolls of fog
 y - a scroll of immolation {unknown}
Potions
 d - a potion of might
 e - a potion of cancellation {unknown}
 o - a potion of lignification {unknown}
 t - a potion of degeneration {unknown}
Comestibles
 f - 6 bread rations
 h - a slice of pizza
 l - 2 meat rations
 m - a royal jelly


   Skills:
 + Level 6.4 Fighting
 + Level 9.9 Axes
 + Level 7.2 Armour
 + Level 3.2 Dodging
 + Level 0.3 Stealth
 + Level 6.4 Shields


You had 8 spell levels left.
You didn't know any spells.

Dungeon Overview and Level Annotations

Branches:
Dungeon (6/15)
 Temple: D:4-7

Altars:
Fedhas
Nemelex Xobeh

Shops:
D:4 %

Annotations:
D:3 1 runed door


Innate Abilities, Weirdness & Mutations

You reflexively headbutt those who attack you in melee.
You have a pair of horns on your head.


Message History

You block the sky beast's attack. x2
You slice the sky beast!!
You kill the sky beast!
You hit the orc but do no damage. You headbutt the orc, but do no damage.
The orc splashes around in the water.
You hit the orc but do no damage. You block the orc's attack.
You hit the orc but do no damage.
The orc priest mumbles some strange prayers to Beogh against you.
Beogh smites you!
* * * LOW HITPOINT WARNING * * *
You feel better.
You hit the orc.
The orc is almost dead.
The orc hits you but does no damage.
You hit the orc.
You kill the orc!
You hear a splash. x2
The orc priest mumbles some strange prayers to Beogh against you.
Beogh smites you!
You die...

#####.#####.#.......#
......# #.#.......# #
####### #.........#.# .#
#######...).......# ..#
#.....##.#..##.#######...#
#.....##.#..##............
#...........##.o..........
#.....##.##.##......>....o
#.....##(...@oo#####>#...#
###########.#### # # #.#
#.# ###############.#
................#
#.#.##.##.##.####
#.#.##(##<##.#
#.#.......##.#


You could see an orc priest and 2 orcs.

Vanquished Creatures
  Pikel (D:6)
  A hill giant (D:6)
  The ghost of ozymandias0 the Ducker, an amateur TrFi (D:5)
  The ghost of Fingolfin792 the Gusty, an amateur VSAE (D:3)
  An ice beast (D:6)
  An orc warrior (D:6)
  A sky beast (D:6)
  An ogre (D:4)
  Blork the orc (D:4)
  A howler monkey (D:3)
  2 hounds
  An orc priest (D:5)
  2 orc wizards (D:6)
  A bullfrog skeleton (D:5)
  Natasha (D:4)
  Terence (D:3)
  2 worker ants
  4 gnolls (D:5)
  5 adders
  An ooze (D:2)
  3 worms
  2 dart slugs
  2 leopard geckos
  13 orcs
  8 bats
  3 giant cockroaches
  4 goblins (D:2)
  6 hobgoblins
  4 jackals
  9 kobolds
  3 ball pythons
  6 frilled lizards
  A leopard gecko skeleton (D:4)
  A quokka skeleton (D:5)
  6 rats
101 creatures vanquished.

Vanquished Creatures (others)
  4 toadstools (D:1)
4 creatures vanquished.

Grand Total: 105 creatures vanquished

Notes
Turn   | Place    | Note
-------+----------+-------------------------------------------
     0 | D:1      | ozymandias0 the Minotaur Fighter began the quest for the Orb.
     0 | D:1      | Reached XP level 1. HP: 19/19 MP: 0/0
   199 | D:1      | Reached XP level 2. HP: 25/27 MP: 1/1
   955 | D:2      | Reached XP level 3. HP: 33/33 MP: 2/2
  1086 | D:2      | Reached skill level 3 in Axes
  1260 | D:2      | Found a sparkling altar of Nemelex Xobeh.
  1402 | D:2      | Reached XP level 4. HP: 40/40 MP: 3/3
  1511 | D:2      | Found a blossoming altar of Fedhas.
  1802 | D:3      | Noticed Fingolfin792's ghost (amateur VSAE)
  1812 | D:3      | Killed Fingolfin792's ghost
  1812 | D:3      | Reached skill level 4 in Axes
  1812 | D:3      | Reached skill level 1 in Dodging
  1812 | D:3      | Reached skill level 5 in Shields
  1812 | D:3      | Reached XP level 5. HP: 28/47 MP: 4/4
  1896 | D:3      | Found a runed door.
  2006 | D:3      | Noticed Terence
  2018 | D:3      | Killed Terence
  2157 | D:4      | Noticed Natasha
  2164 | D:4      | Killed Natasha
  2164 | D:4      | Reached skill level 5 in Axes
  2164 | D:4      | Reached XP level 6. HP: 42/53 MP: 5/5
  2229 | D:4      | Noticed Blork the orc
  2239 | D:4      | Killed Blork the orc
  2353 | D:4      | Reached skill level 6 in Axes
  2496 | D:4      | Found Ereunk's Food Emporium.
  2504 | D:4      | Bought a beef jerky for 18 gold pieces
  2504 | D:4      | Bought a slice of pizza for 18 gold pieces
  2504 | D:4      | Bought a bread ration for 60 gold pieces
  2504 | D:4      | Bought a meat ration for 60 gold pieces
  2673 | D:5      | Entered Level 5 of the Dungeon
  2747 | D:5      | Reached XP level 7. HP: 60/60 MP: 6/6
  2830 | D:5      | Reached skill level 5 in Armour
  2859 | D:5      | Reached skill level 5 in Fighting
  2916 | D:5      | Noticed ozymandias0's ghost (amateur TrFi)
  2927 | D:5      | Killed ozymandias0's ghost
  2927 | D:5      | Reached skill level 7 in Axes
  3097 | D:6      | Noticed a hill giant
  3108 | D:6      | Killed a hill giant
  3108 | D:6      | Reached skill level 8 in Axes
  3108 | D:6      | Reached XP level 8. HP: 17/70 MP: 7/7
  3165 | D:6      | Noticed Pikel
  3206 | D:6      | Killed Pikel
  3206 | D:6      | Reached skill level 9 in Axes
  3291 | D:6      | Reached XP level 9. HP: 30/75 MP: 8/8
  3303 | D:6      | HP: 2/77 [orc priest/divine providence (11)]
  3314 | D:6      | HP: 2/78 [orc priest/divine providence (8)]
  3317 | D:6      | Killed from afar by an orc priest

Skill      XL: |  1  2  3  4  5  6  7  8 |
---------------+-------------------------+-----
Fighting       | 4 5 6 |  6.4
Shields        | 4 5 6 |  6.4
Axes           | 3 4 5 6 8 9 |  9.9
Armour         | 4 6 7 |  7.2
Dodging        | 1 2 3 |  3.2
Stealth        | |  0.3

Action                   |  1- 3 |  4- 6 |  7- 9 || total
-------------------------+-------+-------+-------++-------
Melee: War axe           |   101 |    97 |   116 ||   314
       Headbutt          |    14 |    12 |    28 ||    54
  Use: Scroll            |       |     6 |       ||     6
       Potion            |       |     3 |     6 ||     9
  Eat: Beef jerky        |     1 |       |     2 ||     3
       Fruit             |       |     3 |       ||     3
       Royal jelly       |       |     1 |       ||     1
Armor: Scale mail        |    58 |    27 |    47 ||   132
Dodge: Dodged            |    45 |    28 |    30 ||   103
Block: Shield            |    88 |    53 |    49 ||   190
